 Dungeon Crawl Stone Soup version 0.23-a0-484-g29ba69c (webtiles) character file.

121 XanderDroid the Caller (level 5, -1/37 HPs)
             Began as a Gnoll Wanderer on Nov 30, 2018.
             Slain by an orc
             ... wielding a +0 mace
              (2 damage)
             ... on level 3 of the Dungeon.
             The game lasted 00:11:19 (3462 turns).

XanderDroid the Caller (Gnoll Wanderer)             Turns: 3462, Time: 00:11:19

Health: -1/37      AC:  6    Str: 15    XL:     5   Next: 5%
Magic:  0/12       EV:  7    Int: 17    God:
Gold:   176        SH:  5    Dex: 12    Spells: 13/14 levels left

rFire    . . .     SeeInvis .   a - +0 mace (curse)
rCold    . . .     Gourm    .   w - +0 buckler
rNeg     . . .     Faith    .   r - +0 ring mail {MR+}
rPois    .         Spirit   +   (no helmet)
rElec    .         Reflect  .   (no cloak)
rCorr    .         Harm     .   (no gloves)
MR       +....                  i - +0 pair of boots
Stlth    ..........             o - amulet of guardian spirit
HPRegen  0.12/turn              n - -3 ring of evasion (curse)
MPRegen  0.13/turn              t - ring of attention (curse)

@: no status effects
A: distributed training, fangs 1, strong nose
a: no special abilities


You were on level 3 of the Dungeon.
You were not hungry.

You visited 1 branch of the dungeon, and saw 3 of its levels.

You collected 176 gold pieces.

Inventory:

Hand Weapons
 a - a cursed +0 mace (weapon)
 b - a +0 short sword
Armour
 i - a +0 pair of boots (worn)
 p - +0 acid dragon scales
 r - a +0 ring mail of magic resistance (worn)
 w - a +0 buckler (worn)
Jewellery
 n - a cursed -3 ring of evasion (left hand)
 o - an amulet of guardian spirit (around neck)
 t - a cursed ring of attention (right hand)
Scrolls
 d - a scroll of amnesia {unknown}
 e - a scroll of blinking {unknown}
 h - 4 scrolls of identify {unknown}
 l - a scroll of teleportation {unknown}
 q - 4 scrolls of remove curse {unknown}
 u - a scroll of noise {unknown}
Potions
 c - a potion of curing
 g - a potion of magic {unknown}
 j - a potion of heal wounds {unknown}
 k - a potion of berserk rage {unknown}
 s - a potion of agility {unknown}
 v - a potion of flight {unknown}
Comestibles
 f - 6 rations
 m - 4 chunks of flesh


   Skills:
 + Level 1.3 Fighting
 + Level 1.3 Short Blades
 + Level 1.3 Long Blades
 + Level 1.3 Axes
 + Level 1.3 Maces & Flails
 + Level 1.3 Polearms
 + Level 1.3 Staves
 + Level 1.3 Slings
 + Level 1.3 Bows
 + Level 1.3 Crossbows
 + Level 1.3 Throwing
 + Level 1.3 Armour
 + Level 1.3 Dodging
 + Level 1.3 Stealth
 + Level 4.7 Shields
 + Level 1.3 Unarmed Combat
 + Level 5.1 Spellcasting
 + Level 2.3 Conjurations
 + Level 1.0 Hexes
 + Level 1.0 Charms
 + Level 5.5 Summonings
 + Level 1.0 Necromancy
 + Level 1.0 Translocations
 + Level 1.0 Transmutations
 + Level 3.9 Fire Magic
 + Level 1.0 Ice Magic
 + Level 1.0 Air Magic
 + Level 1.0 Earth Magic
 + Level 1.0 Poison Magic
 + Level 1.4 Invocations
 + Level 1.3 Evocations


You had 13 spell levels left.
You knew the following spells:

 Your Spells              Type           Power        Failure   Level  Hunger
a - Shock                 Conj/Air       ##..         14%         1    None

Your spell library contained the following spells:

 Spells                   Type           Power        Failure   Level  Hunger
 Dazzling Spray           Conj/Hex       ##....       38%         3    ###....


Dungeon Overview and Level Annotations

Branches:
Dungeon (3/15)

Altars:
Fedhas
Hepliaklqana
Ru
Uskayaw
The Shining One

Annotations:
D:3 1 runed door, Grinder, Natasha


Innate Abilities, Weirdness & Mutations

Your experience applies equally to all skills.
You have very sharp teeth.
Your uncanny sense of smell can sniff out nearby items.


Message History

The orc priest is heavily wounded.
The orc hits you but does no damage. x2
The orc priest begins to cast a cantrip, but forgets the words!
You barely miss the orc priest.
The orc priest is heavily wounded.
The orc hits you but does no damage. x2
The orc priest mumbles some strange prayers to Beogh against you.
Beogh smites you!
* * * LOW HITPOINT WARNING * * *
The orc hits you but does no damage. The orc completely misses you.
You closely miss the orc priest.
The orc priest is heavily wounded.
The orc priest hits you with a +0 club.
* * * LOW HITPOINT WARNING * * *
You block the orc's attack. The orc hits you with a +0 mace.
You hit the orc priest.
The orc priest is heavily wounded.
You block the orc priest's attack. The orc hits you but does no damage.
The orc hits you with a +0 mace.
You die...

.!...........
#........#
#.........
#.)......###
#.......(..#
#.......%#o#
#######........#o#
........oh.....#.#
.#.#
........@o.....#o#
#...#
........$o.....#.#
#...#
.........#######.#
#...# .........#
#o####....
##########
#....#...#
####.#.#.# #.o....
#####o.....
#....[.....


You could see an orc priest, Natasha and 2 orcs.

Vanquished Creatures
  2 adders (D:1)
  2 oozes
  2 worms
  2 dart slugs (D:2)
  5 leopard geckos
  2 orcs
  7 bats
  4 giant cockroaches
  12 hobgoblins
  5 jackals (D:2)
  A ball python (D:2)
  6 frilled lizards
  8 goblins
  9 kobolds
  6 rats
73 creatures vanquished.

Notes
Turn   | Place    | Note
-------+----------+-------------------------------------------
     0 | D:1      | XanderDroid the Gnoll Wanderer began the quest for the Orb.
     0 | D:1      | XanderDroid set off with the following items: a +0 shield,
                  | a potion of curing, a +0 robe, a +0 club, a ration; and the
                  | following spell memorised: Shock; and the following spells
                  | available to memorise: Dazzling Spray
     0 | D:1      | Reached XP level 1. HP: 13/13 MP: 6/6
   305 | D:1      | Reached XP level 2. HP: 2/19 MP: 7/7
  1247 | D:1      | Reached XP level 3. HP: 20/25 MP: 9/9
  1316 | D:1      | Reached skill level 5 in Spellcasting
  1673 | D:1      | Reached skill level 1 in Invocations
  1888 | D:2      | Reached skill level 1 in Fighting
  1888 | D:2      | Reached skill level 1 in Short Blades
  1888 | D:2      | Reached skill level 1 in Long Blades
  1888 | D:2      | Reached skill level 1 in Axes
  1888 | D:2      | Reached skill level 1 in Maces & Flails
  1888 | D:2      | Reached skill level 1 in Polearms
  1888 | D:2      | Reached skill level 1 in Staves
  1888 | D:2      | Reached skill level 1 in Slings
  1888 | D:2      | Reached skill level 1 in Bows
  1888 | D:2      | Reached skill level 1 in Crossbows
  1888 | D:2      | Reached skill level 1 in Throwing
  1888 | D:2      | Reached skill level 1 in Armour
  1888 | D:2      | Reached skill level 1 in Dodging
  1888 | D:2      | Reached skill level 1 in Stealth
  1888 | D:2      | Reached skill level 1 in Unarmed Combat
  1888 | D:2      | Reached skill level 1 in Evocations
  1890 | D:2      | Found a faded altar of an unknown god.
  1943 | D:2      | Reached XP level 4. HP: 32/32 MP: 11/11
  2605 | D:2      | Found a glowing golden altar of the Shining One.
  2655 | D:2      | Found a sacrificial altar of Ru.
  2834 | D:2      | Found a hazy altar of Hepliaklqana.
  2910 | D:2      | Reached skill level 1 in Hexes
  2910 | D:2      | Reached skill level 1 in Charms
  2910 | D:2      | Reached skill level 1 in Necromancy
  2910 | D:2      | Reached skill level 1 in Translocations
  2910 | D:2      | Reached skill level 1 in Transmutations
  2910 | D:2      | Reached skill level 1 in Ice Magic
  2910 | D:2      | Reached skill level 1 in Air Magic
  2910 | D:2      | Reached skill level 1 in Earth Magic
  2910 | D:2      | Reached skill level 1 in Poison Magic
  3132 | D:3      | Noticed Natasha
  3204 | D:3      | Noticed Grinder
  3310 | D:3      | Reached XP level 5. HP: 33/37 MP: 10/12
  3358 | D:3      | Found a blossoming altar of Fedhas.
  3412 | D:3      | Found a hide-covered altar of Uskayaw.
  3445 | D:3      | Found a runed door.
  3461 | D:3      | HP: 1/37 [orc priest/+0 club (4)]
  3462 | D:3      | Slain by an orc

Vault maps used:
D:1:      dpeg_arrival_simpleton_b
D:2:      tso_oasis_becter, marbit_many_paths, lemuel_doored_altar,
          chequers_ecumenical_altar_grove, skrybe_limestone_x,
          minmay_misc_feat_hallway
D:3:      lemuel_crystal_altar, first_ration, fedhas_altar_1,
          uniq_crazy_yiuf_cottage, uniq_grinder, uniq_natasha

Skill      XL: |  1  2  3  4 |
---------------+-------------+-----
Conjurations   | 2 |  2.3
Spellcasting   | 5 |  5.1
Invocations    | 1 |  1.4
Fighting       | 1 |  1.3
Short Blades   | 1 |  1.3
Long Blades    | 1 |  1.3
Axes           | 1 |  1.3
Maces & Flails | 1 |  1.3
Polearms       | 1 |  1.3
Staves         | 1 |  1.3
Slings         | 1 |  1.3
Bows           | 1 |  1.3
Crossbows      | 1 |  1.3
Throwing       | 1 |  1.3
Armour         | 1 |  1.3
Dodging        | 1 |  1.3
Stealth        | 1 |  1.3
Unarmed Combat | 1 |  1.3
Evocations     | 1 |  1.3
Hexes          | 1 |  1.0
Charms         | 1 |  1.0
Necromancy     | 1 |  1.0
Translocations | 1 |  1.0
Transmutations | 1 |  1.0
Ice Magic      | 1 |  1.0
Air Magic      | 1 |  1.0
Earth Magic    | 1 |  1.0
Poison Magic   | 1 |  1.0
Shields        | |  4.7
Summonings     | |  5.5
Fire Magic     | |  3.9

Action                   |  1- 3 |  4- 6 || total
-------------------------+-------+-------++-------
Melee: Club              |    58 |       ||    58
       Bite              |    17 |    14 ||    31
       Dagger            |   121 |    68 ||   189
       Short sword       |       |   107 ||   107
       Mace              |       |    10 ||    10
 Cast: Shock             |     4 |       ||     4
  Use: Potion            |       |     1 ||     1
  Eat: Chunk             |     3 |     6 ||     9
Armor: Robe              |    17 |       ||    17
       Leather armour    |    42 |       ||    42
       Ring mail         |    19 |    49 ||    68
       Acid dragon scale |       |    50 ||    50
Dodge: Dodged            |   105 |    59 ||   164
Block: Shield            |    25 |       ||    25
       Buckler           |    47 |    46 ||    93

Table legend:
 A = Non-vault XP
 B = Vault XP
 C = Vault XP percentage of total XP
 D = Non-vault monster count
 E = Vault monster count
 F = Vault count percentage of total count
                 A         B        C        D         E       F
            +---------+---------+-------+---------+---------+-------
      Total |     169 |       4 |   2.3 |      72 |       1 |   1.4
            +---------+---------+-------+---------+---------+-------
        D:1 |      85 |       0 |   0.0 |      33 |       0 |   0.0
        D:2 |      61 |       4 |   6.2 |      28 |       1 |   3.4
        D:3 |      23 |       0 |   0.0 |      11 |       0 |   0.0
            +---------+---------+-------+---------+---------+-------
